 Dungeon Crawl Stone Soup version 0.26.1-2-gb8aa6d0cf2 (webtiles) character file.

Game seed: 17835763252047395051

182 Hehehe the Chopper (level 5, 32/32 HPs)
             Began as a Gargoyle Fighter on Feb 9, 2021.
             Got out of the dungeon alive.
             The game lasted 00:01:44 (2624 turns).

Hehehe the Chopper (Gargoyle Fighter)               Turns: 2624, Time: 00:01:45

Health: 32/32      AC: 10    Str: 20    XL:     5   Next: 61%
Magic:  5/5        EV:  7    Int:  9    God:
Gold:   125        SH:  9    Dex:  9    Spells: 4/4 levels left

rFire    . . .     SeeInvis .   a - +0 war axe
rCold    . . .     Faith    .   c - +0 kite shield
rNeg     + . .     Spirit   .   b - +0 scale mail
rPois    ∞         Reflect  .   (no helmet)
rElec    +         Harm     .   (no cloak)
rCorr    .         Rampage  .   (no gloves)
Will     .....                  (no boots)
Stlth    ..........             (no amulet)
HPRegen  0.10/turn              (no ring)
MPRegen  0.09/turn              (no ring)

@: no status effects
A: negative energy resistance 1, electricity resistance, unbreathing,
petrification resistance, miasma immunity, AC +4
a: no special abilities


You escaped.
You visited 1 branch of the dungeon, and saw 3 of its levels.

You collected 125 gold pieces.

Inventory:

Hand Weapons
 a - a +0 war axe (weapon)
Armour
 b - a +0 scale mail (worn)
 c - a +0 kite shield (worn)
Jewellery
 e - an uncursed amulet of regeneration {unknown}
 f - a cursed ring of attention {unknown}
 o - an uncursed amulet of faith {unknown}
Scrolls
 g - 2 scrolls of enchant armour {unknown}
 h - 2 scrolls of enchant weapon {unknown}
 j - 5 scrolls of identify {unknown}
 l - 4 scrolls of blinking {unknown}
 m - 3 scrolls of teleportation {unknown}
 n - 3 scrolls of immolation {unknown}
 q - 3 scrolls of remove curse {unknown}
 r - a scroll of magic mapping {unknown}
Potions
 d - 3 potions of might
 i - 4 potions of magic {unknown}
 k - a potion of flight {unknown}
 p - a potion of mutation {unknown}
 s - a potion of curing {unknown}
 t - 2 potions of invisibility {unknown}


   Skills:
 - Level 3.2 Fighting
 + Level 5.1 Axes
 - Level 3.2 Armour
 - Level 3.2 Shields


You had 4 spell levels left.
You didn't know any spells.
Your spell library was empty.

Dungeon Overview and Level Annotations

Branches:
Dungeon (3/15)

Altars:


Innate Abilities, Weirdness & Mutations

You are resistant to torment.
Your stone body is resilient. (AC +4)
You are immune to poison.
You resist negative energy. (rN+)
You are resistant to electric shocks. (rElec)
You can survive without breathing.
You are immune to petrification.
You are immune to miasma.


Message History

You climb upwards.
There is a stone staircase leading down here.
The tengu shouts!
The felid hisses angrily.
There is an open door here.
The draconian roars!
The troll shouts!
The minotaur bellows!
The formicid shouts!
The demigod shouts!
The orc shouts!
The spriggan shouts!
The ogre shouts!
The halfling shouts!
The dwarf shouts!
The naga shouts!
The elf shouts!
The human shouts!
The demonspawn shouts!
The octopode shouts!
The merfolk shouts!
There is an open door here.
There is a staircase leading out of the dungeon here.
You can't go down here!
Are you sure you want to leave the Dungeon?
This will make you lose the game!
You have escaped!

##### #.@.# #...# #### ###'###
...# #x#.#m#### ##.# ###.###..#
#.# #6#.#9#..####### #.#
########.###........# #.####
#...##e#.#p#.######.#####
#....###...####.###.....##......


There were no monsters in sight!

Vanquished Creatures
  Terence (D:3)
  4 adders
  4 gnolls
  A worm (D:2)
  3 leopard geckos
  9 orcs (D:3)
  3 ball pythons
  3 giant cockroaches
  9 goblins
  8 hobgoblins
  2 jackals (D:1)
  A quokka (D:2)
  6 bats
  4 frilled lizards
  7 kobolds
  4 rats
69 creatures vanquished.

Notes
Turn   | Place    | Note
-------+----------+-------------------------------------------
     0 | D:1      | Hehehe the Gargoyle Fighter began the quest for the Orb.
     0 | D:1      | Reached XP level 1. HP: 14/14 MP: 1/1
     2 | D:1      | Noticed an octopode
     2 | D:1      | Noticed a merfolk
     4 | D:1      | Noticed a demonspawn
     4 | D:1      | Noticed a gargoyle
     6 | D:1      | Noticed an elf
     6 | D:1      | Noticed a human
     9 | D:1      | Noticed a vampire
    11 | D:1      | Noticed a vine stalker
    11 | D:1      | Noticed a naga
    13 | D:1      | Noticed a halfling
    13 | D:1      | Noticed a dwarf
    15 | D:1      | Noticed an ogre
    17 | D:1      | Noticed a centaur
    17 | D:1      | Noticed a spriggan
    19 | D:1      | Noticed a demigod
    21 | D:1      | Noticed a minotaur
    21 | D:1      | Noticed a formicid
    23 | D:1      | Noticed a troll
    25 | D:1      | Noticed a ghoul
    25 | D:1      | Noticed a draconian
    27 | D:1      | Noticed a tengu
    27 | D:1      | Noticed a felid
   129 | D:1      | Reached skill level 2 in Axes
   159 | D:1      | Reached XP level 2. HP: 19/19 MP: 2/2
   425 | D:1      | Reached skill level 3 in Axes
   432 | D:1      | Reached XP level 3. HP: 20/23 MP: 3/3
  1147 | D:2      | Reached XP level 4. HP: 20/28 MP: 4/4
  1154 | D:2      | Reached skill level 4 in Axes
  2041 | D:3      | Reached XP level 5. HP: 21/32 MP: 5/5
  2270 | D:3      | Noticed Terence
  2290 | D:3      | Killed Terence
  2291 | D:3      | Reached skill level 5 in Axes
  2624 | D:$      | Got out of the dungeon alive.

Illustrated notes

Levels and vault maps discovered:
D:1:      kb_arrival_jail, layout_basic
D:2:      layout_rooms, kennysheep_pointless_box
D:3:      layout_loops_ring, uniq_terence

Skill      XL: |  1  2  3  4  5 |
---------------+----------------+-----
Axes           | 2 3 4 5 |  5.1
Fighting       | |  3.2
Armour         | |  3.2
Shields        | |  3.2

Action                   |  1- 3 |  4- 6 || total
-------------------------+-------+-------++-------
Melee: War axe           |    95 |   162 ||   257
Armor: Scale mail        |    77 |    81 ||   158
Dodge: Dodged            |    51 |    51 ||   102
Block: Kite shield       |    59 |    78 ||   137
